[Event "*** SCC Grand Prix: Titled Tuesday Blitz"]
[Site "Chess.com"]
[Date "2020.06.23"]
[Round "9"]
[White "Tooweak2slow03"]
[Black "Evgeny81"]
[Result "0-1"]
[WhiteElo "2663"]
[BlackElo "2803"]
[TimeControl "180+1"]
[EndTime "11:44:34 PDT"]
[Termination "Evgeny81 won by resignation"]

1. e4 c5 2. Nf3 Nc6 3. d4 cxd4 4.
Nxd4 e5 5. Nb5 a6 6. N5a3 Nf6 7. Nc3 b5 8. Nab1 Bc5 9. Bd3 O-O 10. O-O d6 11. Bg5 h6 12. Bxf6 Qxf6 13. Nd5 Qg5 14. Nbc3 Bg4 15. Qc1 Qh4 16. Ne2 Bxe2 17. Bxe2 Qxe4 18.
Bf3 Qh4 19. Nc7 e4 20. Be2 Nd4 21. Qd2 Nf5 22. Nxa8 e3 23. Qd3 exf2+ 24. Kh1 g6 25. Nc7 Be3 26. g4 Bf4 27. h3 Ne3 0-1

[Event "*** SCC Grand Prix: Titled Tuesday Blitz"]
[Site "Chess.com"]
[Date "2020.06.23"]
[Round "9"]
[White "Kumi29"]
[Black "Quiet_Desperation"]
[Result "0-1"]
[WhiteElo "2379"]
[BlackElo "1982"]
[TimeControl "180+1"]
[EndTime "11:44:34 PDT"]
[Termination "Quiet_Desperation won by resignation"]

1. e4 e6 2. Qe2 c5 3. b3 Nc6 4. Nf3 d6 5. Bb2 e5 6. Nc3 Bg4 7. Nd5 Nf6 8. h3 Bd7 9. O-O-O Nd4 10. Nxd4 cxd4 11. f4 Be7 12. Ba3 Nxd5 13. exd5 O-O 14. Kb2 Re8 15. fxe5 dxe5 16. Bxe7 Qxe7 17. g4 a5 18. a4 b5 19. axb5 a4 20. Ra1 axb3 21. Ra6 bxc2 22. Kxc2 Rec8+ 23. Kd1 Rxa6 24. bxa6 Ba4+ 25.
Ke1 Qh4+ 26. Qf2 Rc1+ 27. Ke2 Bd1+ 28. Kd3 Qxf2 29. a7 Rc3+ 30. dxc3 Qc2+ 31. Kc4 Qxc3+ 32. Kb5 Qb3+ 33. Kc6 Qa4+ 34. Kb6 Qb4+ 35. Bb5 Qd6+ 36. Kb7 Qxd5+ 37. Bc6 Qxc6+ 38. Kxc6 Bf3+ 39. Kd6 Bxh1 40. Kxe5 d3 0-1

[Event "*** SCC Grand Prix: Titled Tuesday Blitz"]
[Site "Chess.com"]
[Date "2020.06.23"]
[Round "9"]
[White "GMMatamoros"]
[Black "kleopl"]
[Result "0-1"]
[WhiteElo "2523"]
[BlackElo "2400"]
[TimeControl "180+1"]
[EndTime "11:44:36 PDT"]
[Termination "kleopl won by resignation"]

1. c4 Nf6 2. g3 g6 3. Bg2 Bg7 4. Nc3 c6 5. d4 d5 6. Qb3 dxc4 7.
Qxc4 O-O 8. Nf3 Nbd7 9. O-O Nb6 10. Qb3 Bg4 11. Rd1 Bxf3 12. Bxf3 Qd7 13. e4 Rad8 14.
Be3 Ng4 15. Bxg4 Qxg4 16. a4 Rd7 17. a5 Nc8 18. e5 e6 19. Na4 Ne7 20. Nc5 Rc7 21.
a6 b6 22. Nb7 Nf5 23. Rd3 h5 24. Qd1 Qe4 25. Bg5 Rd7 26. Be3 c5 27. Nd6 Nxd6 28.
dxc5 Bxe5 29. cxd6 Rfd8 30. Ra4 Qc6 31. Qc1 Qxa4 0-1

[Event "*** SCC Grand Prix: Titled Tuesday Blitz"]
[Site "Chess.com"]
[Date "2020.06.23"]
[Round "9"]
[White "Isajevsky_Anton"]
[Black "VincentKeymer"]
[Result "0-1"]
[WhiteElo "2518"]
[BlackElo "2819"]
[TimeControl "180+1"]
[EndTime "11:44:42 PDT"]
[Termination "VincentKeymer won by checkmate"]

1. c4 e6 2. Nf3 d5 3. e3 Nf6 4.
Nc3 a6 5. b3 c5 6. Bb2 Nc6 7.
cxd5 exd5 8. d4 Bg4 9. Be2 Bd6 10.
dxc5 Bxc5 11. O-O O-O 12. Rc1 Qd6 13. Nd4 Bxd4 14. Bxg4 Ba7 15. Bf3 Rad8 16. Ne2 Ne5 17. Nd4 g6 18. Qe2 h5 19. Rfd1 Rfe8 20. Nc2 Bb8 21. g3 h4 22. Kg2 Qd7 23. Nd4 Ba7 24.
Kg1 Kg7 25. g4 Kg8 26. h3 Bb8 27. Bg2 Qd6 28. Nf3 Nxf3+ 29. Qxf3 Ne4 30. Qe2 Qh2+ 31.
Kf1 Ng5 32. Bf6 Nxh3 33. Bxh3 Qh1# 0-1

[Event "*** SCC Grand Prix: Titled Tuesday Blitz"]
[Site "Chess.com"]
[Date "2020.06.23"]
[Round "9"]
[White "Grineva_Marianna"]
[Black "ljuks68"]
[Result "0-1"]
[WhiteElo "2193"]
[BlackElo "2365"]
[TimeControl "180+1"]
[EndTime "11:44:42 PDT"]
[Termination "ljuks68 won by checkmate"]

1. e4 e6 2. d4 d5 3. Nd2 Nf6 4. e5 Nfd7 5. Bd3 c5 6. c3 Nc6 7. Ne2 cxd4 8. cxd4 f6 9. exf6 Qxf6 10. Nf3 h6 11. O-O Bd6 12. Ng3 O-O 13. Re1 Rf7 14.
Nh5 Qe7 15. Bg6 Rf8 16. a3 e5 17. dxe5 Ndxe5 18. Nxe5 Nxe5 19. Qxd5+ Be6 20. Qe4 Bd7 21. Bh7+ Kh8 22. Bd2 Bc6 23. Qc2 Qh4 24. Ng3 Ng4 25. h3 Nxf2 26. Nf5 Nxh3+ 27. gxh3 Rxf5 28. Re4 Qg3+ 29. Kh1 Rf2 30. Bf4 Qg2# 0-1

[Event "*** SCC Grand Prix: Titled Tuesday Blitz"]
[Site "Chess.com"]
[Date "2020.06.23"]
[Round "9"]
[White "ShimanovAlex"]
[Black "Alexander_Donchenko"]
[Result "0-1"]
[WhiteElo "2849"]
[BlackElo "2695"]
[TimeControl "180+1"]
[EndTime "11:44:43 PDT"]
[Termination "Alexander_Donchenko won by resignation"]

1. d4 d5 2. Nf3 Nf6 3. Bg5 e6 4. e3 Be7 5. Nbd2 b6 6. Bd3 Bb7 7. c3 Ne4 8. Bf4 Bd6 9. Qe2 Nd7 10. h4 Qe7 11. g4 O-O-O 12. Ba6 e5 13. dxe5 Nxe5 14.
Bxe5 Bxe5 15. Nxe4 dxe4 16. Nd4 Kb8 17. Bxb7 Kxb7 18.
Qb5 Bxd4 19. cxd4 Qe6 20. Rg1 Rd5 21. Qc4 c5 22. Rc1 Rhd8 23. Ke2 cxd4 24. exd4 Rxd4 25. Qxe6 Rd2+ 26. Ke3 fxe6 27. Rb1 Rc2 28. Rgd1 Rxd1 29. Rxd1 Kc7 30. h5 Rxb2 31. h6 gxh6 32. Rh1 Rxa2 33. Rxh6 Kd6 34. Rxh7 Ke5 35. Rh5+ Kf6 36. Rh6+ Kg5 37.
Rf6 Kxf6 0-1

[Event "*** SCC Grand Prix: Titled Tuesday Blitz"]
[Site "Chess.com"]
[Date "2020.06.23"]
[Round "9"]
[White "Iskusnyh"]
[Black "H3nriqueTV"]
[Result "1-0"]
[WhiteElo "2456"]
[BlackElo "2226"]
[TimeControl "180+1"]
[EndTime "11:44:46 PDT"]
[Termination "Iskusnyh won by resignation"]

1. d4 d6 2. Nf3 Nf6 3. c4 c6 4. g3 Qc7 5. Bg2 e5 6. Nc3 Bf5 7. O-O Nbd7 8. Nh4 Bg6 9. e4 Be7 10. Nf5 Bxf5 11. exf5 O-O 12. d5 Rac8 13. b3 cxd5 14.
Nxd5 Nxd5 15. Qxd5 b6 16. Be3 Nf6 17. Qd3 Rfd8 18.
Rad1 Ng4 19. Bc1 a5 20. Qe2 Nf6 21. g4 h6 22. h3 Nh7 23. Rd5 Nf6 24. Rb5 d5 25.
cxd5 Bc5 26. Be3 Nxd5 27. Bxc5 bxc5 28. Qc4 Nf4 29. Rb7 Nxh3+ 30. Kh2 1-0

[Event "*** SCC Grand Prix: Titled Tuesday Blitz"]
[Site "Chess.com"]
[Date "2020.06.23"]
[Round "9"]
[White "Diego_FloresQ"]
[Black "MarcoRiehle"]
[Result "1-0"]
[WhiteElo "2519"]
[BlackElo "2706"]
[TimeControl "180+1"]
[EndTime "11:44:52 PDT"]
[Termination "Diego_FloresQ won by resignation"]

1. e4 e5 2. Nf3 Nf6 3. Nxe5 Nxe4 4. Qe2 Qe7 5. Qxe4 d6 6. d4 dxe5 7. Qxe5 Qxe5+ 8. dxe5 Bf5 9. c3 Nd7 10. Bf4 O-O-O 11.
Bc4 Nxe5 12. Bxe5 Re8 13. f4 f6 14. O-O fxe5 15. fxe5 Bc5+ 16. Kh1 Rhf8 17. b4 Bb6 18. e6 Kd8 19. Nd2 Ke7 20. Rae1 c6 21. Nf3 Rd8 22. Ne5 Bc7 23. Nd7 g6 24. Nxf8 Rxf8 25. g4 Bxg4 26.
Rxf8 Kxf8 27. e7+ Ke8 28. Bf7+ Kxf7 29. e8=Q+ 1-0

[Event "*** SCC Grand Prix: Titled Tuesday Blitz"]
[Site "Chess.com"]
[Date "2020.06.23"]
[Round "9"]
[White "K-Nygren"]
[Black "Iljushin_Alexey"]
[Result "0-1"]
[WhiteElo "2531"]
[BlackElo "2710"]
[TimeControl "180+1"]
[EndTime "11:44:52 PDT"]
[Termination "Iljushin_Alexey won by resignation"]

1. e4 c6 2. d4 d5 3. e5 Bf5 4. Nd2 e6 5. Nb3 Nd7 6. Be3 Bg6 7. Nf3 Ne7 8. Rc1 Nf5 9. Be2 h5 10. O-O h4 11. c4 dxc4 12. Bxc4 Nb6 13. Bd3 Nd5 14. Bd2 Be7 15. Ne1 a5 16. Bc4 a4 17.
Nc5 b5 18. Nb7 Qd7 19. Bxd5 Qxd5 20. Nd3 h3 21. Nf4 Qd7 22. Nxg6 fxg6 23. Na5 hxg2 24. Re1 Nxd4 25. Qg4 Kf7 26. Bc3 Nf5 27. Qxg2 b4 28. Nxc6 bxc3 29. Rxc3 Rac8 30. Rec1 Qd5 31. Qxd5 exd5 32. e6+ Kxe6 33. Nd8+ Rcxd8 0-1

[Event "*** SCC Grand Prix: Titled Tuesday Blitz"]
[Site "Chess.com"]
[Date "2020.06.23"]
[Round "9"]
[White "mshuaau0"]
[Black "j2806"]
[Result "1-0"]
[WhiteElo "2196"]
[BlackElo "2055"]
[TimeControl "180+1"]
[EndTime "11:44:52 PDT"]
[Termination "mshuaau0 won by resignation"]

1. e4 c5 2. Nf3 d6 3. d4 cxd4 4.
Nxd4 Nf6 5. Nc3 a6 6. Bg5 e6 7. f4 Be7 8. Qf3 Qc7 9. O-O-O Nbd7 10. g4 b5 11. Bxf6 Nxf6 12. g5 Nd7 13. h4 Bb7 14.
Bd3 Nc5 15. f5 Nxd3+ 16. Qxd3 e5 17. Nf3 b4 18. Nd5 Bxd5 19. Qxd5 Rc8 20. Rh2 Qc6 21. Qd3 Qc4 22. Kb1 Qxd3 23. cxd3 f6 24. Rc1 Kd7 25.
Rhc2 Rxc2 26. Rxc2 Rc8 27. Rxc8 Kxc8 28. Kc2 Kc7 29.
Kb3 a5 30. Ka4 Kb6 31. g6 h6 32. Nh2 Bd8 33. Ng4 Kc5 34. Kb3 Kd4 35. Kc2 a4 36. Nxh6 b3+ 37. axb3 axb3+ 38. Kxb3 Kxd3 39. Nf7 Be7 40. h5 Bf8 41. Nxd6 Ke3 42. Kc4 Kf4 43. Kd5 Kg5 44. b4 Kxh5 45. b5 Bxd6 46. Kxd6 Kg4 47. b6 1-0

[Event "*** SCC Grand Prix: Titled Tuesday Blitz"]
[Site "Chess.com"]
[Date "2020.06.23"]
[Round "9"]
[White "BogdanDeac"]
[Black "Chessdreamer2020"]
[Result "0-1"]
[WhiteElo "2787"]
[BlackElo "2571"]
[TimeControl "180+1"]
[EndTime "11:44:53 PDT"]
[Termination "Chessdreamer2020 won by resignation"]

1. e4 d6 2. d4 Nf6 3. Nc3 c6 4. f4 d5 5. e5 Ng8 6. Nf3 h5 7. Bd3 g6 8. Ng5 Nh6 9. e6 Qd6 10. exf7+ Nxf7 11. O-O Bg7 12. Be3 O-O 13. Nxf7 Rxf7 14.
f5 Bxf5 15. Bxf5 gxf5 16. Qxh5 e6 17. g4 Nd7 18. g5 Bf8 19. Bf4 e5 20. dxe5 Nxe5 21.
Rae1 Qg6 22. Qe2 Re8 23. h4 Rfe7 24. h5 Qf7 25. g6 Nxg6 26. Qg2 Rxe1 27. hxg6 Rxf1+ 28. Kxf1 Qe6 29. Ne2 Bd6 0-1

[Event "*** SCC Grand Prix: Titled Tuesday Blitz"]
[Site "Chess.com"]
[Date "2020.06.23"]
[Round "9"]
[White "GuerrieroFromLevant"]
[Black "swisspower96"]
[Result "0-1"]
[WhiteElo "2437"]
[BlackElo "2632"]
[TimeControl "180+1"]
[EndTime "11:44:56 PDT"]
[Termination "swisspower96 won by resignation"]

1. e4 c5 2. Nf3 Nc6 3. Bb5 g6 4. O-O Bg7 5. Re1 e5 6. Bxc6 dxc6 7. a3 a5 8. Nc3 Qe7 9. Na4 Be6 10. d3 Nf6 11. Nb6 Rd8 12. Be3 O-O 13. Nxe5 Nxe4 14. Nec4 Nf6 15. Nxa5 Qc7 16. Nac4 Nd5 17.
Bxc5 Rfe8 18. Qf3 Nf4 19. Qg3 Qb8 20. Re4 Nd5 21. Qxb8 Rxb8 22. Rae1 Red8 23. Be7 Nxe7 24. Kf1 Nd5 25. R1e2 Nxb6 26. Nxb6 Bxb2 0-1

[Event "*** SCC Grand Prix: Titled Tuesday Blitz"]
[Site "Chess.com"]
[Date "2020.06.23"]
[Round "9"]
[White "Kislov_Oleg"]
[Black "Siniauski"]
[Result "1-0"]
[WhiteElo "2390"]
[BlackElo "2477"]
[TimeControl "180+1"]
[EndTime "11:44:58 PDT"]
[Termination "Kislov_Oleg won by checkmate"]

1. e4 e6 2. d4 d5 3. Nc3 Nf6 4. Bg5 Bb4 5. e5 h6 6. Bd2 Bxc3 7. bxc3 Ne4 8. Qg4 Kf8 9. Bc1 c5 10. Bd3 Nxc3 11. dxc5 Nc6 12. Nf3 Qa5 13. O-O Qxc5 14. a4 a5 15. Ba3 Nb4 16. Nd4 Bd7 17. Nb3 Qb6 18. Nxa5 d4 19. Nc4 Qc5 20. a5 Bb5 21. Rab1 Ncd5 22. Rxb4 Nxb4 23. Rb1 Kg8 24. Bxb4 Qc6 25.
Qxd4 g6 26. Qf4 Rd8 27. Nd6 Bxd3 28. Qxf7# 1-0

[Event "*** SCC Grand Prix: Titled Tuesday Blitz"]
[Site "Chess.com"]
[Date "2020.06.23"]
[Round "9"]
[White "abykhovsky"]
[Black "Zq1"]
[Result "0-1"]
[WhiteElo "2676"]
[BlackElo "2519"]
[TimeControl "180+1"]
[EndTime "11:45:00 PDT"]
[Termination "Zq1 won by resignation"]

1. e4 c5 2. Nf3 d6 3. d4 cxd4 4. Nxd4 Nf6 5. Nc3 Nc6 6. g3 g6 7. Bg2 Nxd4 8. Qxd4 Bg7 9. O-O O-O 10. Qd3 Be6 11. h3 Rc8 12. Be3 Bc4 13. Qd2 Bxf1 14. Rxf1 a6 15. f4 Qc7 16. g4 e6 17. g5 Nh5 18. Rd1 Bxc3 19. bxc3 Qxc3 20. Qf2 Qxc2 21. Rd2 Qb1+ 22. Kh2 e5 23. f5 Rc1 24. f6 Re1 25. Rxd6 Rxe3 26. Qxe3 Nf4 27. Rd2 h5 28. Qc5 Ne6 29.
Qxe5 Qc1 30. Qd6 h4 31. e5 Qe1 32. Rd3 Qf2 33. a4 Qf4+ 34. Kh1 Qxg5 35. Bxb7 Qc1+ 36. Kh2 Qb2+ 37. Bg2 Kh7 38. Rd2 Qc3 39. Rd3 Qb2 40.
a5 Rd8 41. Qe7 Qxe5+ 42. Kg1 Rxd3 0-1

[Event "*** SCC Grand Prix: Titled Tuesday Blitz"]
[Site "Chess.com"]
[Date "2020.06.23"]
[Round "9"]
[White "Artem_Koval"]
[Black "tan275"]
[Result "0-1"]
[WhiteElo "2401"]
[BlackElo "2288"]
[TimeControl "180+1"]
[EndTime "11:45:00 PDT"]
[Termination "tan275 won by checkmate"]

1. e4 c6 2. Nc3 d5 3. Qf3 e6 4.
e5 c5 5. Qg3 Nc6 6. Nf3 h6 7.
h4 a6 8. a4 g6 9. Ne2 Bg7 10. Nf4 Nge7 11. Nh5 gxh5 12. Qxg7 Rg8 13. Qxh6 Nb4 14. Qh7 Rg6 15. Ng5 Nxc2+ 16. Kd1 Nxa1 17. Qxf7+ Kd7 18. Bd3 Qg8 19. Bxg6 Qxg6 20. Qf3 Qc2+ 21. Ke2 Nb3 22. Qc3 Nd4+ 23. Kf1 Qd1# 0-1

[Event "*** SCC Grand Prix: Titled Tuesday Blitz"]
[Site "Chess.com"]
[Date "2020.06.23"]
[Round "9"]
[White "Onischuk_V"]
[Black "Firouzja2003"]
[Result "0-1"]
[WhiteElo "2908"]
[BlackElo "3140"]
[TimeControl "180+1"]
[EndTime "11:45:01 PDT"]
[Termination "Firouzja2003 won by resignation"]

1. e4 e6 2. d4 d5 3. Bd3 dxe4 4. Bxe4 Nf6 5. Bf3 Bd6 6. Nc3 O-O 7. Nb5 Bb4+ 8. c3 Be7 9. Bf4 Na6 10. a4 c6 11. Na3 c5 12. Ne2 cxd4 13. Qxd4 Qxd4 14. cxd4 Nb4 15. O-O Nfd5 16. Bg3 Bd7 17. Nc3 Rfc8 18. Rfc1 Bc6 19. Nab5 a6 20. Nd6 Bxd6 21. Bxd6 Nd3 22. Nxd5 Bxd5 23. Rxc8+ Rxc8 24. Bxd5 exd5 25. b4 Rc4 26. b5 f6 27. Kf1 Nb2 28. bxa6 bxa6 29. a5 Rxd4 30. Ke2 Re4+ 31. Kf1 Nc4 32. Bc5 Nd2+ 33.
Kg1 Nb3 0-1

[Event "*** SCC Grand Prix: Titled Tuesday Blitz"]
[Site "Chess.com"]
[Date "2020.06.23"]
[Round "9"]
[White "AndreyNeves"]
[Black "PawnEatingZombie"]
[Result "1-0"]
[WhiteElo "2208"]
[BlackElo "2091"]
[TimeControl "180+1"]
[EndTime "11:45:01 PDT"]
[Termination "AndreyNeves won by resignation"]

1. d4 d5 2. c4 e6 3. Nf3 dxc4 4. e4 b5 5. a4 c6 6. axb5 cxb5 7. b3 Bb4+ 8. Bd2 Bxd2+ 9. Qxd2 Bb7 10. Qe3 Nf6 11.
Nbd2 O-O 12. bxc4 bxc4 13. Bxc4 a5 14. O-O Nbd7 15. Rfb1 Qc7 16. Bd3 Rfc8 17. h3 a4 18. e5 Nd5 19. Qe4 g6 20. Qh4 Qd8 21. Ng5 Nf8 22.
Rxb7 a3 23. Rxf7 a2 24. Rxf8+ Kxf8 25. Nxe6+ 1-0

[Event "*** SCC Grand Prix: Titled Tuesday Blitz"]
[Site "Chess.com"]
[Date "2020.06.23"]
[Round "9"]
[White "Sharpchess22"]
[Black "luizwas"]
[Result "1-0"]
[WhiteElo "2725"]
[BlackElo "1803"]
[TimeControl "180+1"]
[EndTime "11:45:02 PDT"]
[Termination "Sharpchess22 won by resignation"]

1. d4 Nf6 2. Nf3 e6 3. c4 b6 4.
e3 Bb7 5. Bd3 Be7 6. O-O O-O 7.
Nc3 c5 8. d5 exd5 9. cxd5 d6 10. e4 Nbd7 11. Bf4 a6 12. a4 Re8 13. h3 h6 14. Re1 Bf8 15. Nd2 Ne5 16. Bf1 g5 17. Bh2 Bg7 18. Qb3 Nfd7 19. Be2 Qc7 20. Rac1 Re7 21.
Qc2 Rf8 22. Nf1 Bc8 23. Ne3 Nf6 24. b3 Ne8 25. Rcd1 Bh8 26. h4 Ng7 27. hxg5 hxg5 28. Bxe5 Rxe5 29. Nc4 Ree8 30. e5 dxe5 31. d6 Qd8 32.
Nd5 b5 33. axb5 axb5 34. Ne7+ Rxe7 35. dxe7 Qxe7 36. Nd6 c4 37. Nxb5 cxb3 38. Qxb3 Be6 39. Qc3 Nf5 40. Bd3 Nd4 41. Nxd4 exd4 42. Qc6 Qf6 43.
Qe4 Qh6 44. Ra1 Bf6 45. Ra8 Kg7 46. Rxf8 Kxf8 47. Rc1 Kg7 48. g3 g4 49. Rc7 Qh5 50.
Qxe6 Qg5 1-0

[Event "*** SCC Grand Prix: Titled Tuesday Blitz"]
[Site "Chess.com"]
[Date "2020.06.23"]
[Round "9"]
[White "politeplayer"]
[Black "Sueetin"]
[Result "1-0"]
[WhiteElo "2192"]
[BlackElo "2336"]
[TimeControl "180+1"]
[EndTime "11:45:04 PDT"]
[Termination "politeplayer won by checkmate"]

1. e4 c6 2. d4 g6 3. Nc3 Bg7 4. h4 d5 5. h5 dxe4 6. hxg6 hxg6 7. Rxh8 Bxh8 8. Nxe4 Qxd4 9. Bd3 Bf5 10. Nf3 Qb6 11. Be3 Qa5+ 12. Bd2 Qc7 13. Qe2 Bxb2 14. Rb1 Bxe4 15.
Bxe4 Bg7 16. Bxg6 fxg6 17. Qe6 Nh6 18. Qxg6+ Kf8 19. Bxh6 Bxh6 20. Qxh6+ Ke8 21. Qh8+ Kd7 22. Rd1+ Ke6 23. Qh6+ Kf5 24. Qg5+ Ke6 25. Qg6# 1-0

[Event "*** SCC Grand Prix: Titled Tuesday Blitz"]
[Site "Chess.com"]
[Date "2020.06.23"]
[Round "9"]
[White "Gerodot71"]
[Black "Mikhail_Golubev"]
[Result "0-1"]
[WhiteElo "2416"]
[BlackElo "2582"]
[TimeControl "180+1"]
[EndTime "11:45:06 PDT"]
[Termination "Mikhail_Golubev won by checkmate"]

1. d4 Nf6 2. c4 g6 3. Nc3 Bg7 4. e4 d6 5. Be2 O-O 6. Be3 Na6 7.
g4 c5 8. g5 Nd7 9. Nf3 cxd4 10. Nxd4 Nac5 11. Qd2 a6 12. O-O-O b5 13.
Nd5 Bb7 14. f3 bxc4 15. Bxc4 Rc8 16. Kb1 Nxe4 17. fxe4 Rxc4 18. h4 Nc5 19. Qe2 Bxd5 20. exd5 Ra4 21. h5 Qa5 22. b3 Rb8 23. hxg6 Nxb3 24. gxf7+ Kxf7 25. Qh5+ Kg8 26. Qxh7+ Kf8 27. Rhf1+ Ke8 28. Nxb3 Rxb3+ 29. axb3 Ra1+ 30. Kc2 Qc3# 0-1

[Event "*** SCC Grand Prix: Titled Tuesday Blitz"]
[Site "Chess.com"]
[Date "2020.06.23"]
[Round "9"]
[White "justantan"]
[Black "Squirlolz"]
[Result "1-0"]
[WhiteElo "2775"]
[BlackElo "2512"]
[TimeControl "180+1"]
[EndTime "11:45:07 PDT"]
[Termination "justantan won by resignation"]

1. Nf3 c5 2. e4 a6 3. c3 d5 4. exd5 Qxd5 5. Na3 Nf6 6. Nc4 Qd8 7. d4 e6 8. Bg5 cxd4 9. Qxd4 Qxd4 10. Nxd4 Nbd7 11.
O-O-O b6 12. Re1 Be7 13. Nc6 Bb7 14. Nxe7 Kxe7 15. f3 Rhc8 16. Be2 Nc5 17. Nxb6 a5 18. Nxa8 Bxa8 19. Rd1 h6 20. Bxf6+ Kxf6 21. Rd4 g5 22. h4 Ke5 23. hxg5 hxg5 24. Rh5 f6 25. f4+ Kf5 26.
g4+ Kg6 27. fxg5 fxg5 28. Bd1 Kf6 29. Bc2 Bd5 30. b3 Bc6 31. Rh6+ Kf7 32. Kd2 Nd7 33. Rh7+ Ke8 34. Bg6+ Kd8 35. Be4 1-0

[Event "*** SCC Grand Prix: Titled Tuesday Blitz"]
[Site "Chess.com"]
[Date "2020.06.23"]
[Round "9"]
[White "dolynachess"]
[Black "ArnieChipmunk"]
[Result "1-0"]
[WhiteElo "2454"]
[BlackElo "2330"]
[TimeControl "180+1"]
[EndTime "11:45:13 PDT"]
[Termination "dolynachess won by resignation"]

1. d4 d5 2. c4 Nc6 3. Nf3 Bg4 4. e3 e5 5. cxd5 Qxd5 6. Nc3 Bb4 7. Be2 exd4 8. exd4 O-O-O 9. O-O Qf5 10. Qa4 Bd6 11. Nb5 a6 12. Nxd6+ Rxd6 13. Be3 Nge7 14. b4 Qh5 15. Rfc1 Nf5 16. b5 axb5 17. Qa8+ Nb8 18. Bf4 Rc6 19. Rxc6 bxc6 20. Rc1 Ne7 21. h3 Bxf3 22.
Bxf3 Qg6 23. d5 Rd8 24. dxc6 Nxc6 25. Bxc6 Rd1+ 26. Rxd1 Qxc6 1-0

[Event "*** SCC Grand Prix: Titled Tuesday Blitz"]
[Site "Chess.com"]
[Date "2020.06.23"]
[Round "9"]
[White "grandcoach"]
[Black "GMJustin"]
[Result "0-1"]
[WhiteElo "2099"]
[BlackElo "2268"]
[TimeControl "180+1"]
[EndTime "11:45:13 PDT"]
[Termination "GMJustin won by resignation"]

1. e4 e5 2. Nf3 Nf6 3. d4 Nxe4 4. dxe5 d5 5. Nbd2 Nc5 6. Nb3 Nc6 7. Bg5 Qd7 8. Bb5 Ne6 9. O-O a6 10. Bxc6 Qxc6 11. Nbd4 Qb6 12. a4 Nxg5 13. Nxg5 Be7 14. a5 Qg6 15. Ngf3 Bh3 16. Nh4 Bxh4 17. Qf3 Be6 18. Qb3 O-O 19. f4 Bf5 20. Qxb7 Rab8 21. Qxa6 Qxa6 0-1

[Event "*** SCC Grand Prix: Titled Tuesday Blitz"]
[Site "Chess.com"]
[Date "2020.06.23"]
[Round "9"]
[White "mfwagnerpeixoto"]
[Black "HunterBRR"]
[Result "1-0"]
[WhiteElo "2200"]
[BlackElo "2080"]
[TimeControl "180+1"]
[EndTime "11:45:14 PDT"]
[Termination "mfwagnerpeixoto won by resignation"]

1. d4 Nf6 2. Nf3 g6 3. c3 Bg7 4. Qc2 O-O 5. e4 d6 6. Be2 c5 7.
dxc5 dxc5 8. O-O Nc6 9. Be3 b6 10. h3 Bb7 11. Na3 a6 12. Rad1 Qc7 13. Rfe1 Rad8 14. Bf1 Rxd1 15. Rxd1 Rd8 16. Re1 Kf8 17. Nc4 b5 18. Ncd2 Nb8 19. a4 b4 20. cxb4 Nbd7 21.
bxc5 Rc8 22. b4 a5 23. bxa5 Qxa5 24. Bb5 Bc6 25. Rb1 h5 26. Nc4 Qa7 27. Nb6 Bxe4 28.
Nxc8 Bxc2 29. Nxa7 Bxb1 30. c6 1-0

[Event "*** SCC Grand Prix: Titled Tuesday Blitz"]
[Site "Chess.com"]
[Date "2020.06.23"]
[Round "9"]
[White "annamaja"]
[Black "djano"]
[Result "0-1"]
[WhiteElo "2242"]
[BlackElo "2460"]
[TimeControl "180+1"]
[EndTime "11:45:18 PDT"]
[Termination "djano won on time"]

1. e4 c5 2. Nf3 a6 3. c4 g6 4.
Nc3 Bg7 5. d4 cxd4 6. Nxd4 e6 7.
Be3 Ne7 8. Be2 Nbc6 9. Nxc6 Nxc6 10. Bc5 Qa5 11. Qd6 Bf8 12. Qxf8+ Rxf8 13. Bxf8 Kxf8 14. f4 Qb6 15. O-O-O Qe3+ 16. Kb1 Qxf4 17. g3 Qe5 18. Rhf1 Kg7 19. Rd3 Qc5 20. Rdf3 Ne5 21. Rf4 b6 22.
Na4 Qc6 23. b3 b5 24. Nb2 Bb7 25. Nd3 Qd6 26. c5 Qd4 27. Nxe5 Qxe5 28. Rxf7+ Kg8 29. Rxd7 Bxe4+ 30. Bd3 Bxd3+ 31. Rxd3 Qxc5 32. Rd7 Rf8 33. Rfd1 Rf2 34. Rd8+ Kg7 35. R8d7+ Kh6 0-1

[Event "*** SCC Grand Prix: Titled Tuesday Blitz"]
[Site "Chess.com"]
[Date "2020.06.23"]
[Round "9"]
[White "NotFischer"]
[Black "m-garcett"]
[Result "1-0"]
[WhiteElo "2198"]
[BlackElo "2061"]
[TimeControl "180+1"]
[EndTime "11:45:22 PDT"]
[Termination "NotFischer won by resignation"]

1. e4 c5 2. Nf3 d6 3. d4 cxd4 4.
Nxd4 Nf6 5. Nc3 a6 6. Be2 e6 7.
Be3 Nbd7 8. f4 b5 9. Bf3 Bb7 10. O-O Be7 11. e5 Bxf3 12. Qxf3 dxe5 13. Nc6 Qc7 14.
fxe5 Rc8 15. Nxe7 Kxe7 16. exf6+ Nxf6 17. Kh1 Rhe8 18. Bg5 Qe5 19. Ne4 Qf5 20. Qxf5 exf5 21. Nxf6 gxf6 22. Rfe1+ Kf8 23. Bh6+ Kg8 24. Rxe8+ Rxe8 25.
Rd1 f4 26. Kg1 f5 27. Kf2 f6 28. Bxf4 Kf7 29. Rd7+ Kg6 30. Ra7 Rc8 31. c3 b4 32.
Rxa6 bxc3 33. bxc3 Rxc3 34. Be5 Rc2+ 35. Kf3 h6 36. Rxf6+ Kg5 37. h4+ Kxh4 38. Rxh6+ Kg5 39. Ra6 Rd2 40. Bf4+ 1-0

[Event "*** SCC Grand Prix: Titled Tuesday Blitz"]
[Site "Chess.com"]
[Date "2020.06.23"]
[Round "9"]
[White "Schachmalanders"]
[Black "talaicito"]
[Result "1-0"]
[WhiteElo "2339"]
[BlackElo "2115"]
[TimeControl "180+1"]
[EndTime "11:45:23 PDT"]
[Termination "Schachmalanders won on time"]

1. e4 e5 2. Nf3 Nc6 3. Nc3 Nf6 4. d4 d6 5. Bb5 Bd7 6. O-O Be7 7. Re1 exd4 8.
Nxd4 Nxd4 9. Bxd7+ Qxd7 10. Qxd4 O-O 11. Bg5 h6 12. Bh4 Qg4 13. Bg3 Rfe8 14. h3 Qg6 15. Qb4 b6 16. Qc4 Rac8 17. Rad1 Nd7 18. Nd5 Ne5 19. Bxe5 dxe5 20. a4 c6 21. Ne3 a5 22.
Rd7 Bc5 23. Nf5 Qe6 24. Qxe6 fxe6 25. Nxg7 Re7 26. Rxe7 Bxe7 27. Nh5 Rd8 28. Re2 Kf7 29. g4 Rd4 30. b3 Rd1+ 31. Kg2 Kg6 32. Ng3 Bh4 33. Re3 Rc1 34. Re2 Bg5 35. Nf1 Bf4 36.
Nh2 Kf6 37. Nf3 Ke7 38. Ne1 Rb1 39. Nd3 Kf6 40. h4 c5 41. Kf3 Bc1 42. Re1 1-0

[Event "*** SCC Grand Prix: Titled Tuesday Blitz"]
[Site "Chess.com"]
[Date "2020.06.23"]
[Round "9"]
[White "WiktoriaPOL"]
[Black "felipelobo"]
[Result "1-0"]
[WhiteElo "1950"]
[BlackElo "2085"]
[TimeControl "180+1"]
[EndTime "11:45:23 PDT"]
[Termination "WiktoriaPOL won by resignation"]

1. c4 Nf6 2. Nc3 e6 3. e4 c5 4. e5 Ng8 5. Nf3 d6 6. exd6 Bxd6 7. d4 cxd4 8. Qxd4 Nf6 9. Bg5 Be7 10. Qxd8+ Bxd8 11. O-O-O O-O 12. Nb5 Nc6 13. Nd6 h6 14. Bh4 Be7 15. Bxf6 Bxf6 16. Nd2 Bd4 17. f3 e5 18. Nb3 Be6 19. Nxd4 Nxd4 20. Nxb7 Rab8 21. Nd6 Rfd8 22.
Ne4 Rbc8 23. b3 a5 24. Kb2 a4 25. Bd3 axb3 26. axb3 Rb8 27. Nd2 Rdc8 28. Rc1 Rc7 29. Rc3 Rcb7 30. Ra1 Ne2 31. Bxe2 Rd7 32. Rd3 Rdb7 33. Kc3 Bf5 34. Rd5 f6 35. Bd3 Be6 36.
Rd6 Kf8 1-0

[Event "*** SCC Grand Prix: Titled Tuesday Blitz"]
[Site "Chess.com"]
[Date "2020.06.23"]
[Round "9"]
[White "Thipsay"]
[Black "Herracek"]
[Result "0-1"]
[WhiteElo "2476"]
[BlackElo "2588"]
[TimeControl "180+1"]
[EndTime "11:45:24 PDT"]
[Termination "Herracek won by resignation"]

1. e4 c5 2. Nf3 Nc6 3. d4 cxd4 4. Nxd4 g6 5. Nc3 Bg7 6. Be3 Nf6 7. Nb3 a5 8. a4 O-O 9. Be2 Nb4 10. O-O d5 11. e5 Ne4 12. f4 Bf5 13. Nd4 Rc8 14. Nxf5 gxf5 15. Bd4 e6 16. Bd3 Nc6 17. Bxe4 Nxd4 18. Qxd4 dxe4 19. Qf2 Qe7 20. Nb5 Qc5 21. Qxc5 Rxc5 22.
c3 Rd8 23. Rfd1 Rcd5 24. Nd6 Rxd1+ 25. Rxd1 Bf8 26. Kf2 Bxd6 27. exd6 Kf8 28. b4 axb4 29. cxb4 Ke8 30. a5 Kd7 31. b5 Ra8 32. Ra1 Kxd6 33. Ke3 Kc5 34. a6 Kxb5 35. axb7 Rb8 36. Ra8 Rxb7 37.
Rh8 Kc4 38. Rxh7 Rb3+ 39. Kf2 Kd3 40. Rxf7 e3+ 41. Kf3 Kd2 42. Rd7+ Rd3 0-1